 Dungeon Crawl Stone Soup version 0.28-a0-1234-g826d19b (webtiles) character file.

Game seed: 16356745849173755097

2254 Ayyar the Carver (level 9, -3/79 HPs)
             Began as a Minotaur Fighter on Dec 23, 2021.
             Was an Initiate of Okawaru.
             Killed by divine providence
             ... invoked by an orc priest
              (14 damage)
             ... on level 7 of the Dungeon.
             The game lasted 00:19:37 (7115 turns).

Ayyar the Carver (Minotaur Fighter)                 Turns: 7115, Time: 00:19:38

Health: -3/79      AC:  9    Str: 24    XL:     9   Next: 15%
Magic:  8/8        EV: 14    Int:  5    God:    Okawaru [......]
Gold:   358        SH:  5    Dex: 11    Spells: 8/8 levels left

rFire   . . .      SeeInvis .   E - +2 long sword (holy)
rCold   . . .      Faith    .   c - +0 buckler
rNeg    . . .      Spirit   .   v - +2 scale mail {Will+}
rPois   .          Reflect  .   (helmet restricted)
rElec   .          Harm     .   (no cloak)
rCorr   .          Rampage  .   (no gloves)
Will    +....                   (no boots)
Stlth   ..........              (no amulet)
HPRegen 0.23/turn               w - +4 ring of evasion
MPRegen 0.11/turn               (no ring)

@: no status effects
A: horns 2, retaliatory headbutt
a: Renounce Religion


You were on level 7 of the Dungeon.
You worshipped Okawaru.
Okawaru was noncommittal.
You visited 2 branches of the dungeon, and saw 9 of its levels.
You also visited: Sewer.

You collected 358 gold pieces.

Inventory:

Hand Weapons
 m - a +1 scythe of flaming
 E - a +2 long sword of holy wrath (weapon)
Missiles
 f - 31 poisoned darts (quivered)
 y - a throwing net
 B - a curare-tipped dart
Armour
 c - a +0 buckler (worn)
 l - a +0 plate armour
 v - a +2 scale mail of willpower (worn)
Jewellery
 d - an amulet of faith
 o - a ring of wizardry
 w - a +4 ring of evasion (left hand)
Wands
 a - a wand of paralysis (12)
 i - a wand of iceblast (9)
Scrolls
 b - 2 scrolls of magic mapping
 g - a scroll of acquirement {unknown}
 j - a scroll of vulnerability {unknown}
 q - 2 scrolls of silence {unknown}
 r - 3 scrolls of fear {unknown}
 t - 4 scrolls of teleportation
 A - 3 scrolls of fog {unknown}
 F - 2 scrolls of amnesia {unknown}
 G - a scroll of noise {unknown}
 H - a scroll of enchant armour {unknown}
 I - a scroll of brand weapon {unknown}
Potions
 e - 3 potions of curing
 h - a potion of flight {unknown}
 k - 3 potions of attraction
 n - 3 potions of brilliance
 p - a potion of degeneration {unknown}
 s - 2 potions of might
 u - a potion of lignification {unknown}
 x - 2 potions of mutation
 z - a potion of cancellation {unknown}
 C - a potion of heal wounds {unknown}
 D - a potion of magic {unknown}


   Skills:
 + Level 7.0 Fighting
 * Level 8.8 Long Blades
 + Level 4.7 Throwing
 + Level 6.9 Armour
 + Level 7.0 Shields


You had 8 spell levels left.
You didn't know any spells.
Your spell library contained the following spells:

 Spells                   Type           Power      Damage    Failure   Level
 Magic Dart               Conj           0%         1d3       75%         1
 Sandblast                Erth           0%         2d4       75%         1
 Passwall                 Tmut/Erth      0%         N/A       87%         2
 Mephitic Cloud           Conj/Pois/Air  0%         N/A       98%         3
 Stone Arrow              Conj/Erth      0%         3d7       98%         3
 Call Imp                 Summ           Unusable   N/A       N/A         2

Dungeon Overview and Level Annotations

Branches:
Dungeon (8/15)             Temple (1/1) D:7            Lair (0/6) D:8
  Sewer (visited)

Altars:
Ashenzari
Cheibriados
Dithmenos
Elyvilon
Kikubaaqudgha
Makhleb
Okawaru
Qazlal
Ru
Sif Muna
Trog
Uskayaw
Wu Jian
Xom
Yredelemnul
The Shining One

Shops:
D:1 :   D:4 [


Innate Abilities, Weirdness & Mutations

You have a pair of horns on your head.
You reflexively headbutt those who attack you in melee.


Message History

Throw: 32 darts (poison)
Press: ? - help, Q - select action, (/) - cycle Shift-Dir - straight line, f/p - orc priest
Aim: an orc priest, wielding a +0 flail (lightly wounded, poisoned, 62% to hit)
You throw a poisoned dart.
The poisoned dart barely misses the orc priest.
The poisoned dart hits the orc priest!
The orc priest looks as sick as possible!
The orc priest is moderately wounded.
The orc priest completely misses you.
You barely miss the orc priest.
The orc priest is moderately wounded.
The orc priest hits you with a +0 flail.
You barely miss the orc priest.
The orc priest is moderately wounded.
The orc priest invokes the aid of Beogh against you.
Pain shoots through your body!
You closely miss the orc priest.
You headbutt the orc priest, but do no damage.
The orc priest is moderately wounded.
The orc priest miscasts a cantrip.
The orc priest hits you with a +0 flail!
The orc priest mumbles some strange prayers to Beogh against you.
Beogh smites you!
You kill the orc priest!
Okawaru accepts your kill.
Your Shields skill increases to level 7!
There is a stone staircase leading up here.
The orc priest calls down the wrath of Beogh upon you.
Beogh smites you!
* * * LOW HITPOINT WARNING * * *
The orc priest looks satisfied for a moment.
The orc priest looks more healthy.
The orc priest looks braver for a moment.
You climb upwards.
There is a stone staircase leading down here.
You slash the orc priest!
The orc priest is almost dead.
The orc priest calls down the wrath of Beogh upon you.
Beogh smites you!
You die...

######
#....#########################
#.............................
#....#####.....#####..########
####...###.............##.....
###..##....o###........####
##......@.###......######
###.###..#...####.......
#..###.#..## ##..###. ####
##........# ##.#### #..#
###..##.## #..# #..#
#......#########.# ##.##
#..............#.### #..#
##...##..######......
##†###...####.### ####..#


You could see an orc priest.

Vanquished Creatures
  Sigmund (D:2)
  2 sky beasts
  3 ogres
  2 orc warriors
  A necrophage (D:7)
  2 centaurs
  A phantom (D:6)
  3 kobold brigands (Sewer)
  A scorpion (D:4)
  A bullfrog (D:7)
  A water moccasin zombie (D:5)
  2 hounds
  2 bullfrog skeletons
  2 centaur skeletons
  2 orc priests
  2 iguanas
  3 orc wizards
  A killer bee zombie (D:5)
  A hound zombie (D:5)
  A hound skeleton (D:4)
  2 howler monkey zombies (D:7)
  8 gnolls
  11 adders
  A river rat (D:6)
  A white imp (D:5)
  4 worms
  2 dart slugs (D:2)
  24 orcs
  4 bats
  7 endoplasms
  3 giant cockroaches
  7 goblins
  5 hobgoblins
  9 jackals
  10 kobolds
  5 quokkas
  15 ball pythons
  4 frilled lizards
  8 rats
164 creatures vanquished.

Notes
Turn   | Place    | Note
-------+----------+-------------------------------------------
     0 | D:1      | Ayyar the Minotaur Fighter began the quest for the Orb.
     0 | D:1      | Reached XP level 1. HP: 19/19 MP: 0/0
   151 | D:1      | Reached XP level 2. HP: 25/27 MP: 1/1
   305 | D:1      | Found a faded altar of an unknown god.
   622 | D:1      | Reached skill level 3 in Long Blades
   760 | D:1      | Found Yxooregg's Book Shoppe.
   797 | D:1      | Reached XP level 3. HP: 33/33 MP: 2/2
  1090 | D:2      | Reached skill level 1 in Throwing
  1246 | D:2      | Reached XP level 4. HP: 35/40 MP: 3/3
  1712 | D:2      | Noticed Sigmund
  1718 | D:2      | Killed Sigmund
  1719 | D:2      | Reached skill level 4 in Long Blades
  1719 | D:2      | Reached XP level 5. HP: 40/47 MP: 4/4
  2112 | D:3      | Found a glowing golden altar of the Shining One.
  2286 | D:3      | Reached XP level 6. HP: 52/53 MP: 5/5
  2559 | D:3      | Noticed a sky beast
  2565 | D:3      | Killed a sky beast
  2566 | D:3      | Reached skill level 5 in Long Blades
  2657 | D:4      | Reached skill level 5 in Fighting
  2657 | D:4      | Reached skill level 5 in Armour
  2657 | D:4      | Reached skill level 5 in Shields
  2763 | D:4      | Found a stormy altar of Qazlal.
  2765 | D:4      | Found a hide-covered altar of Uskayaw.
  2798 | D:4      | Reached XP level 7. HP: 53/61 MP: 6/6
  2934 | D:4      | Found Asirisy's Armour Boutique.
  3154 | D:4      | Reached skill level 6 in Long Blades
  3583 | D:4      | Found an ornate altar of the Wu Jian Council.
  3778 | D:5      | Entered Level 5 of the Dungeon
  4438 | D:5      | Found a bloodstained altar of Trog.
  4559 | D:5      | Reached XP level 8. HP: 47/70 MP: 7/7
  4688 | D:5      | Reached skill level 7 in Long Blades
  4849 | D:6      | Found a glowing drain.
  4927 | Sewer    | Entered a sewer
  5630 | D:6      | Reached skill level 8 in Long Blades
  6047 | D:6      | Found a shadowy altar of Dithmenos.
  6422 | D:7      | Found a staircase to the Ecumenical Temple.
  6433 | D:7      | Reached XP level 9. HP: 78/78 MP: 8/8
  6448 | Temple   | Entered the Ecumenical Temple
  6539 | Temple   | Became a worshipper of Warmaster Okawaru
  6852 | D:7      | Found a sacrificial altar of Ru.
  7115 | D:7      | Killed from afar by an orc priest

Illustrated notes

Levels and vault maps discovered:
D:1:      sevenhm_arrival_forest_fort_large_2, layout_loops_cross, serial_shops,
          shop, nicolae_ecumenical_snake_handling, grunt_decor_fettered
D:2:      wander_river, layout_basic, nicolae_concentric_dashed_squares_wild,
          uniq_sigmund
D:3:      layout_rooms, tso_altar
D:4:      layout_rooms, jmf_multi_god_temple,
          mainiacjoe_overflow_concentric_impassable, serial_shops,
          kennysheep_mini
D:5:      layout_loops_ring, old_standard_altar, kennysheep_generic_room_12
D:6:      minmay_evil_eye, layout_basic, mainiacjoe_overflow_24_doors,
          cheibrodos_sewer_entry_sluice
D:7:      layout_rooms, nicolae_ru_sacrificial_ziggurat,
          minmay_temple_entry_sparse_star
D:8:      layout_rooms, grunt_temple_overflow_opulence, zin_purify,
          lair_entry_dummy, nicolae_ossuary_entry_giza, ebering_ghost_xom
Temple:   dpeg_three_leaves_temple

Skill      XL: |  1  2  3  4  5  6  7  8  9 |
---------------+----------------------------+-----
Fighting       | 4 5 6 7 |  7.0
Long Blades    | 3 4 5 6 8 |  8.8
Shields        | 4 5 6 7 |  7.0
Armour         | 4 5 6 |  6.9
Throwing       | 1 2 3 4 |  4.7

Action                   |  1- 3 |  4- 6 |  7- 9 || total
-------------------------+-------+-------+-------++-------
Melee: Long sword        |    81 |    92 |   274 ||   447
       Headbutt          |     7 |    13 |    36 ||    56
Throw: Dart              |     2 |     5 |    20 ||    27
  Use: Potion            |       |     1 |       ||     1
       Scroll            |       |       |     7 ||     7
Armor: Scale mail        |    50 |    34 |   102 ||   186
Dodge: Dodged            |    31 |    42 |   127 ||   200
Block: Buckler           |    24 |    17 |    71 ||   112

Table legend: (Time is in decaauts)
 A = Elapsed time spent in this place.
 B = Non-inter-level travel time spent in this place.
 C = Inter-level travel time spent in this place.
 D = Time resting spent in this place.
 E = Time spent auto-exploring this place.
 F = Levels seen in this place.
 G = Mean time per level.
                   A        B        C        D        E       F      G
               +--------+--------+--------+--------+--------+-----+--------+
         Total |   7298 |   6952 |    346 |    426 |   5014 |  10 |  729.8 |
       Dungeon |   6534 |   6224 |    310 |    348 |   4755 |   8 |  816.8 |
        Temple |    103 |     67 |     36 |      0 |     58 |   1 |  103.0 |
         Sewer |    660 |    660 |      0 |     78 |    200 |   1 |  660.0 |
               +--------+--------+--------+--------+--------+-----+--------+

Top non-repeatable levels by time:
     D:2: 1105 daAuts
     D:5: 1040 daAuts
     D:6: 1031 daAuts
     D:3: 923 daAuts
     D:1: 916 daAuts
     D:4: 903 daAuts
   Sewer: 660 daAuts
     D:7: 592 daAuts
  Temple: 103 daAuts
     D:8: 22 daAuts
